 Dungeon Crawl Stone Soup version 0.20.1-1-g8b1a95d (webtiles) character file.

37 Folque the Magician (level 3, 0/25 HPs)
             Began as an Octopode Wizard on Nov 16, 2017.
             Slain by Sigmund
             ... wielding a +0 scythe
              (13 damage)
             ... on level 2 of the Dungeon.
             The game lasted 00:02:55 (949 turns).

Folque the Magician (Octopode Wizard)                Turns: 949, Time: 00:02:56

Health: 0/25       AC:  1    Str:  6    XL:     3   Next: 39%
Magic:  7/7        EV: 18    Int: 21    God:
Gold:   31         SH:  0    Dex: 10    Spells: 0/8 levels left

rFire    . . .     SeeInvis .   m - +0 spear (venom)
rCold    . . .     Gourm    .   (no shield)
rNeg     . . .     Faith    .   a - +0 hat
rPois    .         Spirit   .   (no amulet)
rElec    .         Reflect  .   k - +5 ring of evasion
rCorr    .         Harm     .   (no ring)
MR       .....                  (no ring)
Stlth    +++.......             (no ring)
Regen    0.1/turn               (no ring)
MPRegen  0.1/turn               (no ring)
                                (no ring)
                                (no ring)

@: no status effects
A: almost no armour, stealthy swim, amphibious, 8 rings, constrict 8, camouflage
1, gelatinous body 1
a: no special abilities


You were on level 2 of the Dungeon.
You were not hungry.

You visited 1 branch of the dungeon, and saw 2 of its levels.

You collected 31 gold pieces.

Inventory:

Hand Weapons
 f - a +0 short sword
 m - a +0 spear of venom (weapon)
Armour
 a - a +0 hat (worn)
Jewellery
 d - an uncursed ring of resist corrosion {unknown}
 k - a +5 ring of evasion (left tentacle)
Scrolls
 e - 2 scrolls of noise {unknown}
 l - 2 scrolls of teleportation {unknown}
 n - a scroll of identify
 o - a scroll of amnesia {unknown}
 p - 2 scrolls of magic mapping {unknown}
 q - 3 scrolls of remove curse {unknown}
Potions
 g - 2 potions of curing {unknown}
 i - a potion of magic {unknown}
 j - a potion of heal wounds {unknown}
Books
 b - a book of Minor Magic

   Spells                             Type                      Level
   a - Magic Dart                     Conjuration                  1
   b - Blink                          Translocation                2
   c - Call Imp                       Summoning                    2
   d - Slow                           Hexes                        2
   e - Conjure Flame                  Conjuration/Fire             3
   f - Mephitic Cloud                 Conjuration/Poison/Air       3
Comestibles
 c - 2 bread rations
 h - 3 chunks of flesh


   Skills:
 * Level 2.4 Fighting
 - Level 2.0 Dodging
 - Level 2.6 Stealth
 + Level 3.2 Spellcasting
 - Level 1.0 Conjurations
 - Level 1.0 Summonings
 - Level 1.0 Translocations


You couldn't memorise any spells.
You knew the following spells:

 Your Spells              Type           Power        Failure   Level  Hunger
a - Magic Dart            Conj           #...         9%          1    None
b - Call Imp              Summ           #.......     13%         2    ##.....
c - Blink                 Tloc           N/A          13%         2    ##.....
d - Mephitic Cloud        Conj/Pois/Air  #.......     34%         3    ###....


Dungeon Overview and Level Annotations

Branches:
Dungeon (2/15)

Altars:

Annotations:
D:2 Sigmund


Innate Abilities, Weirdness & Mutations

You cannot wear most types of armour.
You are very stealthy in the water. (Stealth+)
You are amphibious.
You can wear up to eight rings at the same time.
You can use your tentacles to constrict eight enemies at once.
Your skin changes colour to match your surroundings (Stealth+).
Your rubbery body absorbs attacks. (AC +1, EV +1)


Message History

You hit the hobgoblin.
You kill the hobgoblin!
Memorise Mephitic Cloud, consuming 3 spell levels and leaving 0?
You start memorising the spell.
You continue memorising. x3
You finish memorising.
Spell assigned to 'd'.
You can't go up here!
You climb downwards.
Level annotation: Sigmund You hear some strange, mumbled words.
You are confused.
There is a stone staircase leading up here.
You bump into the rock wall.
You bump into the rock wall.
Something hits you!
You hear some strange, mumbled words.
Something tries to affect you, but you resist.
You miss something. Something hits you.
You feel less confused. Something hits you!
Ouch! That really hurt!
You die...

#....#####...
###########............
#.............###.....†
#..........#####.......
#......÷...# #.†.....
#..........# #.......
#..........######.....#
#......................
#....{@....#####.......
#..........# #.......
#....<.....# ##......
############


There were no monsters in sight!

Vanquished Creatures
  An adder (D:1)
  2 dart slugs
  3 giant cockroaches (D:1)
  A goblin (D:1)
  A hobgoblin (D:1)
  2 jackals (D:1)
  3 bats
  2 frilled lizards
  3 kobolds (D:1)
  7 rats
25 creatures vanquished.

Notes
Turn   | Place    | Note
-------+----------+-------------------------------------------
     0 | D:1      | Folque the Octopode Wizard began the quest for the Orb.
     0 | D:1      | Reached XP level 1. HP: 11/11 MP: 4/4
   137 | D:1      | Reached skill level 1 in Fighting
   192 | D:1      | Reached XP level 2. HP: 14/18 MP: 6/6
   354 | D:1      | Learned a level 2 spell: Call Imp
   357 | D:1      | Learned a level 2 spell: Blink
   426 | D:1      | Reached XP level 3. HP: 24/24 MP: 7/7
   911 | D:2      | Noticed Sigmund
   943 | D:1      | Learned a level 3 spell: Mephitic Cloud
   949 | D:2      | Slain by Sigmund

Skill      XL: |  1  2 |
---------------+-------+-----
Fighting       | 1 2 |  2.4
Dodging        | |  2.0
Stealth        | |  2.6
Spellcasting   | |  3.2
Conjurations   | |  1.0
Summonings     | |  1.0
Translocations | |  1.0

Action                   || total
-------------------------++-------
Melee: Short sword       ||    25
       Constrict         ||    10
       Tentacles         ||     3
       Spear             ||    15
 Cast: Magic Dart        ||     5
  Use: Scroll            ||     2
 Stab: Sleeping          ||     8
Armor: Skin              ||     6
Dodge: Dodged            ||    16
